 Dungeon Crawl Stone Soup version 0.28.0 (webtiles) character file.

Game seed: 746716367294846944

5 xSliceyx the Magician (level 1, 0/15 HPs)
             Began as a Djinni Fire Elementalist on Feb 7, 2022.
             Frozen to death by an endoplasm (7 damage)
             ... on level 1 of the Dungeon.
             The game lasted 00:01:05 (274 turns).

xSliceyx the Magician (Djinni Fire Elementalist)     Turns: 274, Time: 00:01:05

Health: 0/15       AC:  2    Str:  7    XL:     1   Next: 88%
Gold:   8          EV: 12    Int: 16    God:
                   SH:  0    Dex: 13

rFire   + + .      SeeInvis .   b - +0 demon whip
rCold   x . .      Faith    .   (no shield)
rNeg    . . .      Spirit   .   a - +0 robe
rPois   ∞          Reflect  .   (no helmet)
rElec   .          Harm     .   (no cloak)
rCorr   .          Rampage  .   (no gloves)
Will    .....                   (boots unavailable)
Stlth   ++........              (no amulet)
HPRegen 0.05/turn               (no ring)
MPRegen 0.00/turn               (no ring)

@: flying
A: sickness immunity, fire resistance 2, cold vulnerability 1, float, innate
caster, HP casting, extra vitality 1
a: no special abilities


You were on level 1 of the Dungeon.
You visited 1 branch of the dungeon, and saw 1 of its levels.

You collected 8 gold pieces.

Inventory:

Hand Weapons
 b - a +0 demon whip (weapon)
Armour
 a - a +0 robe (worn)
Scrolls
 c - a scroll of blinking {unknown}


   Skills:
 - Level 2.1 Dodging
 - Level 1.5 Stealth
 + Level 2.7 Spellcasting


You couldn't memorise any spells.
You knew the following spells:

 Your Spells              Type           Power      Damage    Failure   Level
a - Foxfire               Conj/Fire      40%        2x1d6     6%          1
b - Scorch                Fire           20%        2d6       10%         2
c - Conjure Flame         Conj/Fire      10%        6-21      19%         3
d - Inner Flame           Hex/Fire       10%        N/A       19%         3
e - Flame Wave            Conj/Fire      10%        2d5       54%         4
Your spell library was empty.

Dungeon Overview and Level Annotations

Branches:
Dungeon (1/15)

Altars:


Innate Abilities, Weirdness & Mutations

You are immune to sickness and miasma.
You are immune to poison.
Your flesh is very heat resistant. (rF++)
You are vulnerable to cold. (rC-)
You float through the air rather than walking.
You learn spells naturally, not from books.
Your magical power is your life essence.
You have superior vitality. (+4 MHP)


Message History

a +0 dagger; a goblin corpse You now have 8 gold pieces.
A bat comes into view.
You hit the bat.
The bat is moderately wounded.
The bat barely misses you. The bat hits you but does no damage.
You hit the bat.
You kill the bat!
The bat hits you but does no damage. The bat closely misses you.
The bat barely misses you.
You whack the bat!
You kill the bat!
You see here a bat corpse.
HP restored.
You see here a bat corpse.
Found a stone staircase leading down.
There is a stone staircase leading down here.
A hobgoblin comes into view.
The hobgoblin shouts!
You conjure some foxfire!
You conjure some foxfire!
The foxfire hits the hobgoblin.
The hobgoblin is lightly wounded.
The foxfire hits the hobgoblin.
The hobgoblin is almost dead.
The foxfire hits the hobgoblin.
You kill the hobgoblin!
Your foxfire dissipates!
An endoplasm comes into view.
An endoplasm is nearby!
The endoplasm quivers.
You hit the endoplasm.
The endoplasm is heavily wounded.
The endoplasm freezes you.
You are frozen!
You feel a terrible chill!
Casting: Foxfire (safe; 6% risk of failure)
Confirm with . or Enter, or press ? or * to list all spells.
You conjure some foxfire!
The endoplasm freezes you.
You are frozen!
You feel a terrible chill!
You die...

######### #vv.....#
#@#####.# #..J# #.#
....... #.# ..........
#.#######
.####...#####.......#
................####
.......†.............
..########........####
##........# #


You could see an endoplasm (ally target).

Vanquished Creatures
  A goblin (D:1)
  A hobgoblin (D:1)
  2 bats (D:1)
  A rat (D:1)
5 creatures vanquished.

Vanquished Creatures (others)
  7 foxfires (D:1)
7 creatures vanquished.

Grand Total: 12 creatures vanquished

Notes
Turn   | Place    | Note
-------+----------+-------------------------------------------
     0 | D:1      | xSliceyx the Djinni Fire Elementalist began the quest for
                  | the Orb.
     0 | D:1      | Reached XP level 1. HP: 15/15 MP: 0/0
   274 | D:1      | Frozen to death by an endoplasm

Illustrated notes

Levels and vault maps discovered:
D:1:      dpeg_arrival_subterranean_lakeside_camping, layout_basic,
          hellmonk_ecumenical_altar_pennies_from_heaven, minmay_misc_feat_square

Action                   || total
-------------------------++-------
Melee: Demon whip        ||     5
 Cast: Foxfire           ||     5
Armor: Robe              ||     2
Dodge: Dodged            ||     3
